Cogmind - Beta 14 @@@ ROGUE MODE // 2025.01.11 @ 22:01:15 Player: naththebg Result: Destroyed by G-67 Veteran with Field Laser Performance ------------- Evolutions (6) 3000 Regions Visited (20) 4000 Robots Destroyed (340) 1700 Value Destroyed (13081) 13081 Prototype IDs (50) 1000 Alien Tech Used (1) 200 Bonus (5944) 5944 TOTAL SCORE: 28925 Bonus ------- High Alert Combat Kills 2838 Follower Combat Kills 1453 Network Hubs Disabled 400 Met Data Miner 300 Met Zhirov 300 Built Enhanced Grunts 300 Met R17 at Cetus 500 Friendly Fire -147 Cogmind --------- Core Integrity 0/1150 Matter 260/300 Energy 32/100 System Corruption 3% Temperature Cool (2) Movement Hovering (70) Location -4/Factory Parts ------- > --- POWER (2) -------- (None) > --- PROPULSION (4) --- Improved Gyrokinetic Inverter Improved Gyrokinetic Inverter Improved Gyrokinetic Inverter Improved Gyrokinetic Inverter > --- UTILITY (7) ------ Advanced Targeting Computer Improved System Shield > --- WEAPON (6) ------- (None) > --- INVENTORY (5) ---- Makeshift Ablative Armor Transdimensional Reconstructor Peak State ------------ > --- POWER ------------ Enhanced Nuclear Core Fusion Reactor > --- PROPULSION ------- Armored Leg Enhanced Flexi-carbon Leg Enhanced Flexi-carbon Leg Enhanced Flexi-carbon Leg > --- UTILITY ---------- Advanced Heat Sink Advanced Heat Sink Advanced Heat Sink Improved Cooling System Large Storage Unit Advanced Targeting Computer Centrium Medium Armor Plating > --- WEAPON ----------- Gatling Laser Phase Gun Dispersion Rifle Dispersion Rifle Advanced Variable Charge Gun Thermoblaster > --- INVENTORY -------- Neutrino Core Light Antimatter Reactor Improved Titanium Leg Flexi-carbon Leg Flexi-carbon Leg Flexi-carbon Leg Flexi-carbon Leg Improved Heat Sink Advanced Heat Sink Advanced Targeting Computer Makeshift Ablative Armor Transdimensional Reconstructor [Rating: 115] Favorites ----------- Power Enhanced Nuclear Core Engine Improved Deuterium Engine Power Core Enhanced Nuclear Core Reactor Cold Fusion Reactor Propulsion Aluminum Leg Treads Light Treads Leg Aluminum Leg Wheel Wheel Hover Unit Improved Gyrokinetic Inverter Utility Large Storage Unit Device Improved Cooling System Storage Large Storage Unit Processor Advanced Targeting Computer Hackware Improved System Shield Protection Makeshift Ablative Armor Weapon Improved Heavy Laser Energy Gun Improved Heavy Laser Energy Cannon Particle Cannon Ballistic Gun Flak Gun Launcher Thermoblaster Special Weapon Plasma Cutter Slashing Weapon Ripper Build | -11 -10 -9 -9 -9 -7 -7 -7 -7 -6 -6 -6 -6 -6 -6 -5 -5 -5 -5 -4 -4 ------- Run | Yrd Mat Mat Sto Rec Fac Low Low Dat Pro Fac Ext Cet Arc Hub Fac Upp Upp Zhi Pro Fac Slots Evolved 12 | . . 2 . . 4 . . . . 2 . . . . 2 . . . . 2 Power 1 | . . . . . . . . . . . . . . . 1 . . . . . Propulsion 2 | . . 1 . . 1 . . . . . . . . . . . . . . . Utility 5 | . . 1 . . 1 . . . . 1 . . . . 1 . . . . 1 Weapon 4 | . . . . . 2 . . . . 1 . . . . . . . . . 1 Parts Attached 300 | 6 1 12 22 1 33 5 3 . 14 84 13 8 3 22 12 4 1 12 10 34 Power 25 | 1 . 2 4 . 4 . . . 1 4 1 1 . 2 2 . . 1 . 2 Engine 11 | 1 . 1 4 . 4 . . . 1 . . . . . . . . . . . Core 9 | . . 1 . . . . . . . 3 1 . . 1 2 . . . . 1 Reactor 5 | . . . . . . . . . . 1 . 1 . 1 . . . 1 . 1 Propulsion 67 | 2 . 3 6 1 6 . 1 . 1 24 1 . . 6 1 . . . 3 12 Treads 3 | . . . 2 1 . . . . . . . . . . . . . . . . Leg 48 | 2 . 3 4 . 6 . 1 . 1 12 1 . . 6 1 . . . 3 8 Wheel 12 | . . . . . . . . . . 12 . . . . . . . . . . Hover 4 | . . . . . . . . . . . . . . . . . . . . 4 Flight . | . . . . . . . . . . . . . . . . . . . . . Utility 82 | 1 1 3 2 . 11 1 . . 3 18 7 3 1 8 4 . . 5 5 9 Device 62 | . 1 1 2 . 8 1 . . 2 12 6 2 1 8 4 . . 4 3 7 Storage 6 | 1 . 1 . . . . . . . 2 1 . . . . . . 1 . . Processor 5 | . . 1 . . 2 . . . . 1 . . . . . . . . . 1 Hackware 1 | . . . . . . . . . . . . . . . . . . . . 1 Protection 8 | . . . . . 1 . . . 1 3 . 1 . . . . . . 2 . Artifact . | . . . . . . . . . . . . . . . . . . . . . Weapon 126 | 2 . 4 10 . 12 4 2 . 9 38 4 4 2 6 5 4 1 6 2 11 Energy Gun 72 | 2 . 1 . . 3 . 1 . 1 30 2 4 2 5 4 4 1 6 2 4 Energy Cannon 2 | . . 1 1 . . . . . . . . . . . . . . . . . Ballistic Gun 30 | . . 2 7 . 8 3 1 . 6 . . . . . . . . . . 3 Ballistic Cannon . | . . . . . . . . . . . . . . . . . . . . . Launcher 19 | . . . 1 . 1 1 . . 1 8 1 . . 1 1 . . . . 4 Special Weapon 2 | . . . 1 . . . . . 1 . . . . . . . . . . . Impact Weapon . | . . . . . . . . . . . . . . . . . . . . . Slashing Weapon 1 | . . . . . . . . . . . 1 . . . . . . . . . Piercing Weapon . | . . . . . . . . . . . . . . . . . . . . . Special Melee Weapon . | . . . . . . . . . . . . . . . . . . . . . Unidentified Prototypes 18 | . . . 2 . 1 . . . 1 5 1 2 . 2 . . . 4 . . Parts Lost 94 | . . 3 6 . 2 . . . 5 22 . 3 . 6 3 . . . 8 36 Power 9 | . . 1 . . 1 . . . 1 1 . . . 1 . . . . . 4 Propulsion 26 | . . . 4 . 1 . . . 1 6 . . . 1 . . . . 3 10 Utility 24 | . . . . . . . . . 2 5 . 1 . 2 1 . . . 3 10 Weapon 35 | . . 2 2 . . . . . 1 10 . 2 . 2 2 . . . 2 12 Highest Loss Streak 23 | . . 3 2 . 1 . . . 3 10 . 2 . 2 2 . . . 6 23 To Critical Strikes 1 | . . . . . . . . . . 1 . . . . . . . . . . Average Slot Usage (%) 94 | . 95 91 98 95 97 100 100 100 90 91 100 99 100 99 99 100 100 72 97 61 Engine 3 | . 14 5 8 11 6 7 7 7 7 . . . . . . . . . . . Core 3 | . . 4 2 . . . . . . 3 6 2 . 3 11 11 11 7 5 2 Reactor 1 | . . . . . . . . . . 2 . 3 6 2 . . . 3 5 2 Treads 4 | . . . 5 28 18 . . . . . . . . . . . . . . . Leg 18 | . 28 33 25 . 9 30 30 30 26 10 26 26 26 26 23 23 23 23 22 13 Wheel 2 | . . . . . . . . . . 10 . . . . . . . . . . Device 16 | . 9 11 11 11 14 16 23 23 17 16 19 20 20 19 22 23 23 23 13 10 Storage 7 | . 14 11 11 11 7 7 7 7 7 9 6 6 6 6 5 5 5 5 5 2 Processor 5 | . . 2 11 11 7 6 . . . 2 6 6 6 6 5 5 5 5 5 7 Energy Gun 18 | . 28 13 . . 3 . 1 7 1 27 32 32 33 32 28 29 29 2 27 13 Ballistic Gun 9 | . . 5 16 22 26 26 26 23 28 . . . . . . . . . . 1 Peak Build Rating 115 | 6 7 14 18 18 42 42 47 47 53 79 82 88 86 94 93 100 100 101 104 115 Average Rating 55 | 4 6 10 14 17 35 40 45 47 44 56 80 81 84 86 91 94 99 67 100 67 On Entrance 56 | . 6 7 14 17 18 41 42 47 47 47 79 82 81 86 81 92 100 99 101 103 Naked Turns . | . . . . . . . . . . . . . . . . . . . . . Heaviest Build 86 | 12 13 33 35 35 53 52 53 52 55 66 70 69 70 71 76 79 80 78 85 86 Greatest Support 100 | 20 20 30 40 60 60 55 65 65 65 72 77 77 77 97 87 86 86 86 100 100 Greatest Overweight (x) 5 | 1 . 1 1 . 1 . . . 1 5 . . . . . . . . 1 3 Average Overweight (x) . | . . . . . . . . . . . . . . . . . . . . . Largest Inventory Capacity 15 | 8 8 15 15 15 15 15 15 15 15 15 15 15 15 15 15 15 15 15 15 15 Average Capacity 14 | 7 8 14 15 15 15 15 15 15 15 15 15 15 15 15 15 15 15 15 15 10 Most Carried 15 | 6 8 15 15 15 15 15 15 15 15 15 15 15 15 15 15 15 15 15 15 13 Average Carried 13 | 2 7 11 14 14 14 15 14 15 13 13 14 14 14 14 14 14 15 14 9 7 Final Capacity 15 | 8 8 15 15 15 15 15 15 15 15 15 15 15 15 15 15 15 15 15 15 5 Final Carried 15 | 6 8 15 15 14 15 15 15 15 15 15 15 14 15 15 15 15 15 15 8 2 Class Distribution -------------------- 35% | Scavenger-Gunner 34% | Gunner 11% | Mutant 7% | Scavenger-Mutant 6% | Pyromaniac-Gunner 3% | Tank Dominant Class ---------------- Mutant | -10/Materials Mutant | -9/Materials Scavenger-Mutant | -9/Storage Mutant | -9/Recycling Gunner | -7/Factory Gunner | -7/Lower Caves Tank | -7/Lower Caves Tank | -7/Data Miner Scavenger-Gunner | -6/Proximity Caves Scavenger-Gunner | -6/Factory Gunner | -6/Extension Scavenger-Gunner | -6/Cetus Scavenger-Gunner | -6/Archives Scavenger-Gunner | -6/Hub_04(d) Scavenger-Gunner | -5/Factory Scavenger-Gunner | -5/Upper Caves Scavenger-Gunner | -5/Upper Caves Scavenger-Mutant | -5/Zhirov Scavenger-Gunner | -4/Proximity Caves Mutant | -4/Factory Resources | -11 -10 -9 -9 -9 -7 -7 -7 -7 -6 -6 -6 -6 -6 -6 -5 -5 -5 -5 -4 -4 ----------- Run | Yrd Mat Mat Sto Rec Fac Low Low Dat Pro Fac Ext Cet Arc Hub Fac Upp Upp Zhi Pro Fac Matter Collected 6431 | 255 166 191 555 108 1721 203 248 . 834 989 130 75 30 185 134 . 50 97 165 295 Remotely . | . . . . . . . . . . . . . . . . . . . . . Salvage Created 15502 | . 216 418 1167 . 1666 105 180 . 203 3821 1060 267 72 1770 1485 49 126 435 801 1661 Parts 610 | . 17 19 64 . 80 3 13 . 8 155 34 11 3 61 41 1 8 6 27 59 Haulers Intercepted 19 | . . . 5 . 3 . . . . 4 . . . 2 3 . . . . 2 Recyclers Shooed 7 | . . . 2 . 2 . . . . 2 . . . . 1 . . . . . Parts Field Recycled . | . . . . . . . . . . . . . . . . . . . . . Retrieved Matter . | . . . . . . . . . . . . . . . . . . . . . Parts Self-Destructed 66 | . . . . . . 3 10 . 13 . . . . . . 1 8 5 26 . Prevented . | . . . . . . . . . . . . . . . . . . . . . Kills | -11 -10 -9 -9 -9 -7 -7 -7 -7 -6 -6 -6 -6 -6 -6 -5 -5 -5 -5 -4 -4 ------- Run | Yrd Mat Mat Sto Rec Fac Low Low Dat Pro Fac Ext Cet Arc Hub Fac Upp Upp Zhi Pro Fac Combat Hostiles Destroyed 228 | . 8 9 16 . 28 3 9 . 8 37 14 3 1 22 23 1 5 . 16 25 Melee 1 | . . . . . . . . . . . . . . . . . . . . 1 Guns 180 | . 8 8 10 . 27 2 7 . 8 25 13 3 1 16 14 1 5 . 15 17 Cannons 2 | . . 1 1 . . . . . . . . . . . . . . . . . AOE 30 | . . . 4 . 1 1 2 . . 10 . . . 3 4 . . . . 5 Classes Destroyed 20 | . 3 1 6 . 5 . . . 1 1 . . . 3 . . . . . . Worker 27 | . . . 3 . 6 . . . . 12 . . . 1 3 . . . . 2 Builder 13 | . . . . . 2 . . . . 9 . . . 1 1 . . . . . Tunneler 2 | . . . . . 1 . . . . 1 . . . . . . . . . . Hauler 19 | . . . 5 . 3 . . . . 4 . . . 2 3 . . . . 2 Recycler 20 | . . . 3 . 4 . . . . 10 1 . . 1 . . . . . 1 Mechanic 2 | . . . 1 . . . . . . . 1 . . . . . . . . . Operator 8 | . 1 1 1 . 1 . . . . 1 . . . . 2 . . . . 1 Drone 4 | . . . . . . . . . 2 . . . . . . . . . 2 . Watcher 22 | . . . 1 . 5 . . . . 7 1 2 . 2 3 . . . . 1 Swarmer 46 | . 6 . 3 . . . 5 . 1 7 1 . . . 5 . 5 . 3 10 Grunt 94 | . 2 7 8 . 17 2 . . 3 14 7 . . 9 12 . . . 5 8 Brawler 3 | . . . . . 1 1 . . . . . . . . . . . . . 1 Duelist 4 | . . . 1 . 1 . . . . . . . . . . . . . 2 . Sentry 31 | . . 2 4 . 4 . . . . 4 5 . 1 7 1 . . . 1 2 Specialist 2 | . . . . . . . . . . . . . . 2 . . . . . . Hunter 15 | . . . . . 1 . . . 2 5 . . . 1 3 1 . . . 2 Programmer 19 | . . . . . 4 . 1 . . 6 . . . 1 2 . . . 3 2 Heavy 1 | . . . . . . . . . . . . . . 1 . . . . . . Behemoth 2 | . . . . . . . . . . 1 1 . . . . . . . . . Cetus Guard 3 | . . . . . . . . . . . . 3 . . . . . . . . Assembled 1 | . . . . . . . . . . . . . . 1 . . . . . . Thug 3 | . . . . . . . 3 . . . . . . . . . . . . . Best Kill Streak 14 | . 3 3 7 . 7 2 4 . 4 13 3 3 1 6 10 1 5 . 5 14 Combat Bots Only 10 | . 3 3 4 . 4 2 4 . 4 5 2 2 1 6 10 1 5 . 5 6 Max Kills in Single Turn 7 | . 1 1 3 . 2 1 1 . 1 7 2 1 1 3 2 1 2 . 2 3 Gunslinging 1 | . . . . . . . . . . 1 . . . . 1 . 1 . 1 1 Exploded 3 | . . . 3 . 1 1 1 . . 2 . . . 2 2 . . . . 3 Melee 1 | . . . . . . . . . . . . . . . . . . . . 1 Uniques/NPCs Destroyed . | . . . . . . . . . . . . . . . . . . . . . Combat | -11 -10 -9 -9 -9 -7 -7 -7 -7 -6 -6 -6 -6 -6 -6 -5 -5 -5 -5 -4 -4 -------- Run | Yrd Mat Mat Sto Rec Fac Low Low Dat Pro Fac Ext Cet Arc Hub Fac Upp Upp Zhi Pro Fac Hostile Shots Fired 1491 | . 24 50 134 . 134 7 41 . 71 234 87 14 4 127 74 6 12 . 95 377 Missed 451 | . 8 15 37 . 50 2 12 . 18 58 31 3 1 35 30 3 4 . 22 122 Damage Taken 15609 | . 157 463 1147 . 816 55 381 . 841 2674 687 298 66 894 831 47 122 . 1504 4626 Core 2575 | . 52 94 293 . 79 . 15 . 61 315 63 74 23 92 69 . 18 . 177 1150 Absorbed by Shields 595 | . . . . . 220 20 96 . 104 . 84 71 . . . . . . . . Ignored by Resistances 181 | . . . . . . . . . . . . . . 181 . . . . . . Regen/Repaired (Parts) 295 | . . . . . . . . . . . . . . . 146 . . . . 149 Core Remaining (%) 60 | 100 79 . . 3 . . . . 77 . . . . 33 . . . . 73 . Volleys Fired 611 | . 16 36 102 . 73 6 22 . 20 104 30 12 3 37 43 9 4 11 32 51 Largest 5 | . 2 2 2 . 4 3 4 . 4 5 5 5 5 5 5 5 5 1 5 5 Hottest 733 | . 90 91 98 . 158 84 112 . 140 733 325 333 333 372 551 432 440 80 440 584 Shots Fired 2024 | . 32 69 167 . 279 14 54 . 78 371 142 60 15 171 194 45 20 11 135 167 Gun 1928 | . 32 61 129 . 276 12 47 . 78 342 140 60 15 168 191 45 20 11 135 166 Cannon 36 | . . 8 28 . . . . . . . . . . . . . . . . . Launcher 57 | . . . 7 . 3 2 7 . . 29 2 . . 3 3 . . . . 1 Special 3 | . . . 3 . . . . . . . . . . . . . . . . . Kinetic 580 | . . 17 129 . 254 12 46 . 77 8 . . . . . . . . . 37 Thermal 1386 | . 16 34 31 . 22 . 1 . 1 363 142 60 15 171 194 45 20 11 135 125 Explosive 19 | . . . 7 . 3 2 7 . . . . . . . . . . . . . Electromagnetic 39 | . 16 18 . . . . . . . . . . . . . . . . . 5 Robot Hit Streak 37 | . 13 13 16 . 15 5 4 . 12 21 25 20 6 37 22 23 3 7 12 25 Robot Miss Streak 22 | . 2 4 3 . 10 6 10 . 22 8 3 2 2 4 4 1 3 1 5 3 Penetration Max 1 | . . . . . . . . . . . . . . . . . . . . 1 Secondary Targets 36 | . . 1 1 . 4 . 1 . 2 4 4 2 . 3 4 . 2 . 4 4 Max Gunslinging Chain 1 | . . 1 1 . 1 . 1 . 1 1 1 1 . 1 1 . 1 . 1 1 Shots Hit Robots 1339 | . 23 52 118 . 213 12 40 . 57 221 86 46 10 105 128 7 8 10 84 119 Core Hits 872 | . 14 20 50 . 234 11 39 . 67 137 33 21 5 53 72 3 5 7 31 70 Critical Kills 12 | . . 1 1 . . . . . . . . . . . . . . . 3 7 Critical Parts Destroyed 16 | . . . . . . . . . . . . . . . . . . . 6 10 Critical Strikes 74 | . 1 3 1 . 1 . . . . 16 11 3 . 5 2 . . . 10 21 Burn 42 | . 1 2 . . 1 . . . . 16 11 3 . 5 2 . . . 1 . Meltdown 1 | . . . 1 . . . . . . . . . . . . . . . . . Destroy 31 | . . 1 . . . . . . . . . . . . . . . . 9 21 Melee Attacks . | . . . . . . . . . . . . . . . . . . . . . Impact . | . . . . . . . . . . . . . . . . . . . . . Slashing . | . . . . . . . . . . . . . . . . . . . . . Piercing . | . . . . . . . . . . . . . . . . . . . . . Sneak Attacks . | . . . . . . . . . . . . . . . . . . . . . Combat Hostiles . | . . . . . . . . . . . . . . . . . . . . . Follow-up Attacks . | . . . . . . . . . . . . . . . . . . . . . Damage Inflicted 36456 | . 305 705 2280 . 4077 309 1104 . 781 8416 2783 1154 237 3409 4246 186 158 358 2271 3677 Guns 27963 | . 300 611 1487 . 3779 158 454 . 781 4923 2783 1154 237 2554 3129 186 158 358 2271 2640 Cannons 432 | . . 84 348 . . . . . . . . . . . . . . . . . Explosions 7802 | . . . 438 . 230 151 650 . . 3493 . . . 855 1034 . . . . 951 Melee . | . . . . . . . . . . . . . . . . . . . . . Ramming 259 | . 5 10 7 . 68 . . . . . . . . . 83 . . . . 86 Kinetic 6935 | . . 189 1487 . 3561 158 454 . 764 70 . . . . . . . . . 252 Thermal 25596 | . 161 335 348 . 218 . . . 17 7450 2783 1154 237 2761 4163 186 158 358 2271 2996 Explosive 2555 | . . . 438 . 230 151 650 . . 896 . . . . . . . . . 190 Electromagnetic 1111 | . 139 171 . . . . . . . . . . . 648 . . . . . 153 Impact . | . . . . . . . . . . . . . . . . . . . . . Slashing . | . . . . . . . . . . . . . . . . . . . . . Piercing . | . . . . . . . . . . . . . . . . . . . . . Highest Corruption 6 | . . . 2 2 2 2 3 3 3 1 1 1 1 4 2 2 2 2 6 3 Average Corruption 2 | . . . 2 2 2 2 2 3 3 1 1 1 1 1 1 2 2 2 4 2 Corruption Purged 1 | . . . . . . . . . . . 1 . . . . . . . . . Corruption Blocked . | . . . . . . . . . . . . . . . . . . . . . Effects 114 | . . . 13 5 9 10 8 3 11 10 . . . 7 9 3 1 6 10 9 Message Errors 23 | . . . . . 2 6 1 1 . . . . . 4 1 3 . . 3 2 Matter Fused 25 | . . . 2 2 1 2 2 . 4 3 . . . . 1 . . 5 2 1 Heat Flow Errors 14 | . . . 6 . . . 1 . . 1 . . . 1 1 . 1 . 2 1 Energy Discharges 12 | . . . . 1 . . 1 1 3 4 . . . 1 1 . . . . . Parts Rejected 1 | . . . . . . . . . . . . . . . . . . . . 1 Parts Fused 3 | . . . . . . . . . 1 . . . . 1 . . . . 1 . Data Loss (minor) 19 | . . . 2 1 3 1 2 1 1 2 . . . . 3 . . 1 1 1 Data Loss (major) 6 | . . . . 1 1 1 . . . . . . . . . . . . 1 2 Misfires 3 | . . . . . 1 . . . . . . . . . 2 . . . . . Alerts 3 | . . . 1 . . . 1 . . . . . . . . . . . . 1 Weapon Failures 5 | . . . 2 . 1 . . . 2 . . . . . . . . . . . Overload Shots 8 | . . . . . . . . . . . . . . . 2 . . . . 6 Overflow Damage 904 | . . . 3 . . . . . . 452 . . . 104 271 . . . . 74 Projectiles . | . . . . . . . . . . . . . . . . . . . . . Explosions 881 | . . . 3 . . . . . . 452 . . . 104 248 . . . . 74 Melee 23 | . . . . . . . . . . . . . . . 23 . . . . . Knockbacks 1 | . . . . . 1 . . . . . . . . . . . . . . . Impact 1 | . . . . . 1 . . . . . . . . . . . . . . . Kinetic . | . . . . . . . . . . . . . . . . . . . . . Secondary . | . . . . . . . . . . . . . . . . . . . . . Self-Inflicted Damage 332 | . . . 12 . 109 . . . . 49 . . . 102 54 . . . . 6 Shots 7 | . . . 1 . 3 . . . . 1 . . . 1 1 . . . . . Rammed 14 | . . . 1 . 10 . . . . . . . . . . . . . . 3 Targets Rammed 50 | . 2 2 3 . 11 . . . . . . . . . 3 . . . . 29 Kicked 36 | . 2 2 2 . 1 . . . . . . . . . 3 . . . . 26 Crushed . | . . . . . . . . . . . . . . . . . . . . . Highest Temperature 541 | . 39 33 300 . 10 12 151 . 220 541 354 83 42 434 234 258 149 . 397 286 Average Temperature 94 | . 22 16 101 . 10 8 47 . 76 122 84 22 25 108 60 106 74 . 115 91 Received Heat Transfer 3163 | . 45 243 432 . 236 30 56 . 135 450 152 39 9 288 117 . . . 345 586 Effects 15 | . . . . . . . . . . 14 . . . 1 . . . . . . Shutdowns 2 | . . . . . . . . . . 2 . . . . . . . . . . Energy Bleed 3 | . . . . . . . . . . 2 . . . 1 . . . . . . Interference 4 | . . . . . . . . . . 4 . . . . . . . . . . Matter Decay 3 | . . . . . . . . . . 3 . . . . . . . . . . Short Circuit 1 | . . . . . . . . . . 1 . . . . . . . . . . Damage (minor) 2 | . . . . . . . . . . 2 . . . . . . . . . . Siege Activations . | . . . . . . . . . . . . . . . . . . . . . Robots Corrupted 2 | . . . . . . . . . . . . . . 2 . . . . . . Combat Hostiles 2 | . . . . . . . . . . . . . . 2 . . . . . . Parts Fried 4 | . . . . . . . . . . . . 1 . 3 . . . . . . Impact Corruptions 2 | . . . . . . . . . . . . . . . 2 . . . . . Robots Melted 14 | . . . 1 . . . . . . 4 1 . . 1 5 . . . 1 1 Combat Hostiles 12 | . . . 1 . . . . . . 2 1 . . 1 5 . . . 1 1 Parts Melted 140 | . 1 3 1 . 2 . . . . 48 12 4 . 17 26 3 1 . 7 15 Heat Transferred 41228 | . 555 965 629 . 555 . . . 37 12431 4217 1961 370 4772 6466 335 222 351 3196 4166 Parts Sabotaged 2 | . . . . . . . . . 2 . . . . . . . . . . . Parts Stolen . | . . . . . . . . . . . . . . . . . . . . . Parts Stripped . | . . . . . . . . . . . . . . . . . . . . . Power Chain Reactions 2 | . . . . . . . . . . . . . . 1 . . . . . 1 Alert | -11 -10 -9 -9 -9 -7 -7 -7 -7 -6 -6 -6 -6 -6 -6 -5 -5 -5 -5 -4 -4 ------- Run | Yrd Mat Mat Sto Rec Fac Low Low Dat Pro Fac Ext Cet Arc Hub Fac Upp Upp Zhi Pro Fac Peak Influence 1318 | . 255 312 373 108 681 . . . . 1318 1254 1086 562 1286 1108 . . . . 1158 Initial 698 | . . 107 78 94 50 . . . . 150 645 698 434 196 556 . . . . 494 Average 490 | . 72 181 200 77 253 . . . . 484 884 862 545 706 896 . . . . 816 Maximum Alert Level 4 | . 1 1 1 . 2 . . . . 4 4 3 2 4 4 . . . . 4 Low Security (%) 37 | 100 93 71 34 100 59 . . . . 49 . . . 4 . . . . . . Level 1 10 | . 6 28 65 . 11 . . . . 6 . . . 9 . . . . . . Level 2 16 | . . . . . 29 . . . . 8 4 10 100 49 12 . . . . 28 Level 3 27 | . . . . . . . . . . 22 80 89 . 12 87 . . . . 63 Level 4 7 | . . . . . . . . . . 13 14 . . 24 . . . . . 7 Level 5 . | . . . . . . . . . . . . . . . . . . . . . High Security . | . . . . . . . . . . . . . . . . . . . . . Max Security . | . . . . . . . . . . . . . . . . . . . . . Squads Dispatched 55 | . . 2 2 . 9 . . . 2 9 4 1 . 11 10 . . . 1 4 Investigation 7 | . . . . . . . . . . . . 1 . 1 4 . . . . 1 Extermination 12 | . . . . . 4 . . . . 5 . . . 1 1 . . . . 1 Reinforcement 19 | . . 2 1 . 2 . . . . 4 1 . . 4 3 . . . . 2 Assault 9 | . . . . . . . . . 2 . 3 . . 1 2 . . . 1 . Garrison 8 | . . . 1 . 3 . . . . . . . . 4 . . . . . . Intercept . | . . . . . . . . . . . . . . . . . . . . . Searches Triggered . | . . . . . . . . . . . . . . . . . . . . . Data Miner Redirects 10 | . . . . . . . . . . . 3 . . 2 4 . . . . 1 Construction Impeded 4 | . . . . . 1 . . . . 1 1 . . 1 . . . . . . Haulers Reinforced 5 | . . . . . 1 . . . . 2 . . . . 1 . . . . 1 Active Scanning Responses . | . . . . . . . . . . . . . . . . . . . . . Cargo Convoy Interrupts . | . . . . . . . . . . . . . . . . . . . . . Stealth | -11 -10 -9 -9 -9 -7 -7 -7 -7 -6 -6 -6 -6 -6 -6 -5 -5 -5 -5 -4 -4 --------- Run | Yrd Mat Mat Sto Rec Fac Low Low Dat Pro Fac Ext Cet Arc Hub Fac Upp Upp Zhi Pro Fac Distress Signals 16 | . 2 2 2 . 2 . . . . . . 2 . 3 . . . . 1 2 Communications Jammed . | . . . . . . . . . . . . . . . . . . . . . Distress Signals . | . . . . . . . . . . . . . . . . . . . . . Times Spotted 364 | . 12 16 26 . 36 4 11 . 16 45 43 14 4 35 31 1 5 . 20 45 Peak Tracking Total 11 | . 4 5 4 . 4 3 4 . 8 4 9 5 2 6 5 1 3 . 7 11 Tactical Retreats 22 | . 3 1 2 . 2 1 . . 1 1 3 . . 2 . . . . . 6 Traps | -11 -10 -9 -9 -9 -7 -7 -7 -7 -6 -6 -6 -6 -6 -6 -5 -5 -5 -5 -4 -4 ------- Run | Yrd Mat Mat Sto Rec Fac Low Low Dat Pro Fac Ext Cet Arc Hub Fac Upp Upp Zhi Pro Fac Traps Triggered 11 | . . . 1 . 2 . . . . . 4 . . 2 1 . . . . 1 Indirectly . | . . . . . . . . . . . . . . . . . . . . . Trap Hack Attempts . | . . . . . . . . . . . . . . . . . . . . . Triggered . | . . . . . . . . . . . . . . . . . . . . . Disarmed . | . . . . . . . . . . . . . . . . . . . . . Reprogrammed . | . . . . . . . . . . . . . . . . . . . . . Reused . | . . . . . . . . . . . . . . . . . . . . . Traps Extracted . | . . . . . . . . . . . . . . . . . . . . . Installed . | . . . . . . . . . . . . . . . . . . . . . Triggered 1 | . . . . . . . . . . . . . . . . . 1 . . . Machines | -11 -10 -9 -9 -9 -7 -7 -7 -7 -6 -6 -6 -6 -6 -6 -5 -5 -5 -5 -4 -4 ---------- Run | Yrd Mat Mat Sto Rec Fac Low Low Dat Pro Fac Ext Cet Arc Hub Fac Upp Upp Zhi Pro Fac Machines Disabled 85 | . . . 2 . 1 . 1 . . 31 6 1 3 16 8 . . . . 16 Max in Single Turn 10 | . . . 1 . 1 . 1 . . 5 1 . . 10 5 . . . . 8 Garrison Access 5 | . . . 1 . . . . . . 1 . . . 1 2 . . . . . Network Hub 2 | . . . . . . . . . . . . . . 2 . . . . . . Machines Repaired . | . . . . . . . . . . . . . . . . . . . . . Machines Dismantled 1 | . . . 1 . . . . . . . . . . . . . . . . . Machines Sabotaged . | . . . . . . . . . . . . . . . . . . . . . Overloaded Fab Kills . | . . . . . . . . . . . . . . . . . . . . . Hacking | -11 -10 -9 -9 -9 -7 -7 -7 -7 -6 -6 -6 -6 -6 -6 -5 -5 -5 -5 -4 -4 --------- Run | Yrd Mat Mat Sto Rec Fac Low Low Dat Pro Fac Ext Cet Arc Hub Fac Upp Upp Zhi Pro Fac Machines Accessed 69 | . 1 4 5 2 9 . . 4 . 12 5 1 1 4 9 1 1 8 . 2 Terminals 30 | . 1 3 4 2 5 . . . . 2 5 1 . 3 3 . . . . 1 Fabricators 10 | . . . . . 3 . . . . 5 . . . . 2 . . . . . Repair Stations 3 | . . . . . . . . . . . . . . . 2 . . . . 1 Recycling Units 4 | . . 1 . . 1 . . . . 2 . . . . . . . . . . Scanalyzers . | . . . . . . . . . . . . . . . . . . . . . Garrison Access 7 | . . . 1 . . . . . . 3 . . . 1 2 . . . . . Total Hacks 261 | . 2 18 15 8 27 . . 31 . 19 13 3 25 10 30 1 1 47 . 11 Successful 166 | . 2 8 6 2 11 . . 31 . 4 6 . 25 7 11 1 1 47 . 4 Failed 94 | . . 10 9 6 16 . . . . 15 6 3 . 3 19 . . . . 7 Catastrophic 25 | . . 1 1 . 3 . . . . 8 1 2 . 1 6 . . . . 2 Database Lockouts 1 | . . . . . . . . . . . 1 . . . . . . . . . Manual 90 | . . 11 5 8 15 . 1 . . 13 7 1 . 4 18 . . . . 7 Terminals 102 | . 2 16 11 8 13 . . . . 4 13 3 . 9 15 . . . . 8 Fabricators 27 | . . . . . 12 . . . . 10 . . . . 5 . . . . . Repair Stations 6 | . . . . . . . . . . . . . . . 3 . . . . 3 Recycling Units 6 | . . 2 . . 2 . . . . 2 . . . . . . . . . . Scanalyzers . | . . . . . . . . . . . . . . . . . . . . . Garrison Access 15 | . . . 4 . . . . . . 3 . . . 1 7 . . . . . Terminal Hacks 142 | . 2 7 4 1 4 . . 31 . . 5 . 25 6 6 1 1 47 . 2 Record 75 | . . . . . . . . 11 . . . . 25 . 2 . 1 35 . 1 Part Schematic 16 | . . . . . . . . 11 . . 1 . . . . . . 4 . . Robot Schematic 6 | . . . . . . . . 6 . . . . . . . . . . . . Robot Analysis 4 | . . . . . . . . . . . . . . . . . . 4 . . Prototype ID Bank 15 | . 1 4 . . 1 . . 3 . . 2 . . . . . . 4 . . Open Door 1 | . . . . . . . . . . . . . . . . 1 . . . . Level Access Points 1 | . . . . 1 . . . . . . . . . . . . . . . . Branch Access Points 4 | . . 1 1 . . . . . . . . . . 1 1 . . . . . Terminal Index 1 | . . 1 . . . . . . . . . . . . . . . . . . Alert Level 6 | . 1 . 1 . 1 . . . . . 1 . . 1 . . . . . 1 Unreport Threat 6 | . . . 1 . 1 . . . . . 1 . . 1 2 . . . . . Locate Traps 5 | . . . 1 . 1 . . . . . . . . 2 1 . . . . . Registered Components 1 | . . 1 . . . . . . . . . . . . . . . . . . Zone Layout 1 | . . . . . . . . . . . . . . 1 . . . . . . Fabricator Hacks 1 | . . . . . 1 . . . . . . . . . . . . . . . Network Status 1 | . . . . . 1 . . . . . . . . . . . . . . . Repair Station Hacks . | . . . . . . . . . . . . . . . . . . . . . Recycling Unit Hacks 1 | . . . . . . . . . . 1 . . . . . . . . . . Retrieve Components 1 | . . . . . . . . . . 1 . . . . . . . . . . Scanalyzer . | . . . . . . . . . . . . . . . . . . . . . Garrison Access Hacks 3 | . . . 1 . . . . . . 1 . . . . 1 . . . . . Seal Access 3 | . . . 1 . . . . . . 1 . . . . 1 . . . . . Unauthorized Hacks 19 | . . 1 1 1 6 . . . . 2 1 . . 1 4 . . . . 2 Terminals 9 | . . 1 1 1 2 . . . . . 1 . . 1 1 . . . . 1 Botnet 9 | . . 1 1 1 2 . . . . . 1 . . 1 1 . . . . 1 Fabricators 6 | . . . . . 4 . . . . 2 . . . . . . . . . . Report 1 | . . . . . 1 . . . . . . . . . . . . . . . Fabnet 4 | . . . . . 2 . . . . 2 . . . . . . . . . . Haulers 1 | . . . . . 1 . . . . . . . . . . . . . . . Repair Stations 3 | . . . . . . . . . . . . . . . 2 . . . . 1 Patch 3 | . . . . . . . . . . . . . . . 2 . . . . 1 Recycling Units . | . . . . . . . . . . . . . . . . . . . . . Scanalyzers . | . . . . . . . . . . . . . . . . . . . . . Garrison Access 1 | . . . . . . . . . . . . . . . 1 . . . . . Jam 1 | . . . . . . . . . . . . . . . 1 . . . . . Data Cores Recovered 3 | . 1 . . . 1 . . . . . . . . . 1 . . . . . Used 2 | . . . . . 1 . . . . . . . . . 1 . . . . . Hacking Detections 45 | . 1 4 6 1 8 . . . . 9 5 1 . 3 6 . . . . 1 Full Trace Events 4 | . . . 1 1 . . . . . . . 1 . . 1 . . . . . Feedback Events 2 | . . . . . . . . . . . . 1 . . 1 . . . . . Corruption 2 | . . . . . . . . . . . . 1 . . 1 . . . . . Feedback Blocked . | . . . . . . . . . . . . . . . . . . . . . Robot Schematics Acquired 6 | . . . . . . . . 6 . . . . . . . . . . . . Robots Built . | . . . . . . . . . . . . . . . . . . . . . Authchips . | . . . . . . . . . . . . . . . . . . . . . Time . | . . . . . . . . . . . . . . . . . . . . . Total Robot Build Rating . | . . . . . . . . . . . . . . . . . . . . . Part Schematics Acquired 16 | . . . . . . . . 11 . . 1 . . . . . . 4 . . Parts Built . | . . . . . . . . . . . . . . . . . . . . . Authchips . | . . . . . . . . . . . . . . . . . . . . . Time . | . . . . . . . . . . . . . . . . . . . . . Total Part Build Rating . | . . . . . . . . . . . . . . . . . . . . . Parts Repaired . | . . . . . . . . . . . . . . . . . . . . . Time . | . . . . . . . . . . . . . . . . . . . . . Parts Recycled . | . . . . . . . . . . . . . . . . . . . . . Recycled Matter . | . . . . . . . . . . . . . . . . . . . . . Retrieved Matter . | . . . . . . . . . . . . . . . . . . . . . Retrieved Components 9 | . . . . . . . . . . 9 . . . . . . . . . . Parts Scanalyzed . | . . . . . . . . . . . . . . . . . . . . . Part Schematics Acquired . | . . . . . . . . . . . . . . . . . . . . . Parts Damaged . | . . . . . . . . . . . . . . . . . . . . . Bothacking | -11 -10 -9 -9 -9 -7 -7 -7 -7 -6 -6 -6 -6 -6 -6 -5 -5 -5 -5 -4 -4 ------------ Run | Yrd Mat Mat Sto Rec Fac Low Low Dat Pro Fac Ext Cet Arc Hub Fac Upp Upp Zhi Pro Fac Used RIF Installer . | . . . . . . . . . . . . . . . . . . . . . Robots Hacked 10 | . . . . . . . . . 1 2 2 . . . 3 1 . . . 1 Non-combat . | . . . . . . . . . . . . . . . . . . . . . Combat 10 | . . . . . . . . . 1 2 2 . . . 3 1 . . . 1 Robot Hacks Applied . | . . . . . . . . . . . . . . . . . . . . . Relay Couplers Released 5 | . . . . . . . . . . . . . . 2 3 . . . . . Machine Destruction 5 | . . . . . . . . . . . . . . 2 3 . . . . . Fabnet Peak Effective % 8 | . . . . . . . . . 6 6 6 6 6 6 8 8 8 8 2 2 Autooverrided 10 | . . . . . . . . . 1 2 2 . . . 3 1 . . . 1 Robots Rewired 9 | . . . . . . . . . . . 7 . . . . . . . 2 . Allies Hacked . | . . . . . . . . . . . . . . . . . . . . . Hacks Repelled . | . . . . . . . . . . . . . . . . . . . . . Allies | -11 -10 -9 -9 -9 -7 -7 -7 -7 -6 -6 -6 -6 -6 -6 -5 -5 -5 -5 -4 -4 -------- Run | Yrd Mat Mat Sto Rec Fac Low Low Dat Pro Fac Ext Cet Arc Hub Fac Upp Upp Zhi Pro Fac Total Allies 37 | . . . . . . . . . 1 2 22 5 . . 3 1 . . 2 1 Largest Group 13 | . . . . . . . . . 1 1 11 13 12 9 2 1 . . 2 2 Highest-Rated Group 811 | . . . . . . . . . 32 29 407 811 649 587 58 29 . . 96 96 Highest-Rated Ally 159 | . . . . . . . . . 32 29 159 159 96 96 29 29 . . 49 49 Total Orders . | . . . . . . . . . . . . . . . . . . . . . Ally Attacks 266 | . . . . . . . . . 2 8 92 55 24 64 9 2 . . 1 9 Total Damage 6996 | . . . . . . . . . 86 116 2042 1515 590 2201 94 36 . . 48 268 Kills 48 | . . . . . . . . . . 1 18 8 3 18 . . . . . . Allies Corrupted . | . . . . . . . . . . . . . . . . . . . . . Allies Melted 1 | . . . . . . . . . . . . . . . 1 . . . . . Intel | -11 -10 -9 -9 -9 -7 -7 -7 -7 -6 -6 -6 -6 -6 -6 -5 -5 -5 -5 -4 -4 ------- Run | Yrd Mat Mat Sto Rec Fac Low Low Dat Pro Fac Ext Cet Arc Hub Fac Upp Upp Zhi Pro Fac Robot Analysis Total 4 | . . . . . . . . . . . . . . . . . . 4 . . Derelict Logs Recovered 7 | . . . . . . 2 3 . 1 . . . . . . . . . 1 . Drone Launches . | . . . . . . . . . . . . . . . . . . . . . Drone Recoveries . | . . . . . . . . . . . . . . . . . . . . . Exploration | -11 -10 -9 -9 -9 -7 -7 -7 -7 -6 -6 -6 -6 -6 -6 -5 -5 -5 -5 -4 -4 ------------- Run | Yrd Mat Mat Sto Rec Fac Low Low Dat Pro Fac Ext Cet Arc Hub Fac Upp Upp Zhi Pro Fac Turns Passed 15953 | 71 322 530 974 486 2813 451 403 94 442 3331 1480 357 181 846 949 433 235 317 604 634 Spaces Moved 9569 | 49 185 282 327 289 1488 310 238 76 241 2108 956 213 110 502 630 362 202 257 365 379 Core 127 | 6 . . . . . . . . . . . . . . . . . . . 121 Treads 1441 | . . . 125 289 1027 . . . . . . . . . . . . . . . Legs 6595 | 43 185 282 202 . 461 310 238 76 241 732 956 213 110 502 630 362 202 257 365 228 Wheels 1376 | . . . . . . . . . . 1376 . . . . . . . . . . Hover 30 | . . . . . . . . . . . . . . . . . . . . 30 Flight . | . . . . . . . . . . . . . . . . . . . . . Fastest Speed 50 | 50 120 120 160 160 122 122 122 125 125 101 120 120 120 112 105 105 105 105 105 50 Average Speed 126 | 116 120 131 178 160 155 122 123 125 138 118 120 120 120 117 107 105 105 105 116 95 Slowest Speed 470 | 120 120 190 190 160 240 122 125 125 196 470 120 120 120 120 112 105 105 105 190 200 Overloaded Moves . | . . . . . . . . . . . . . . . . . . . . . Propulsion Burnouts . | . . . . . . . . . . . . . . . . . . . . . Robots Hopped . | . . . . . . . . . . . . . . . . . . . . . Cave-ins Triggered . | . . . . . . . . . . . . . . . . . . . . . Exploration Rate (%) 47 | 3 41 24 52 73 38 58 43 68 50 51 83 60 88 44 24 54 22 62 42 15 Regions Visited 20 Branch Regions 14 Pre-discovered Areas 7 | . . . . . . 1 2 1 . . . . . . . . . 3 . . Known Exits Taken 7 | . . 1 1 1 1 . . . 1 . . . . 1 1 . . . . . Unknown Exits Taken 13 | 1 1 . . . . 1 1 1 . 1 1 1 1 . . 1 1 1 1 . Scrap Searched 7 | . . . . . . 2 1 . 1 . . . . . . 1 1 . 1 . Spaces Dug 44 | . . . 8 . . . . . . 17 5 . . 5 1 8 . . . . Terrain Destroyed 810 | . . . 39 . 29 13 33 . . 217 26 1 . 316 64 10 . . 3 59 Melee . | . . . . . . . . . . . . . . . . . . . . . Projectile 65 | . . . . . . . . . . 21 26 1 . . 3 10 . . 3 1 AOE 743 | . . . 39 . 29 13 33 . . 196 . . . 316 61 . . . . 56 Terrain Rammed . | . . . . . . . . . . . . . . . . . . . . . Walls Destroyed . | . . . . . . . . . . . . . . . . . . . . . Machines Disabled . | . . . . . . . . . . . . . . . . . . . . . Actions | -11 -10 -9 -9 -9 -7 -7 -7 -7 -6 -6 -6 -6 -6 -6 -5 -5 -5 -5 -4 -4 --------- Run | Yrd Mat Mat Sto Rec Fac Low Low Dat Pro Fac Ext Cet Arc Hub Fac Upp Upp Zhi Pro Fac Total 12093 | 60 253 373 532 313 1809 370 315 75 306 2702 1210 280 151 667 795 392 213 292 461 524 Wait 1175 | . 44 22 39 24 158 47 49 . 22 324 120 44 32 98 92 11 5 . 25 19 Move 9549 | 48 184 281 326 288 1487 309 237 75 240 2107 955 212 109 501 629 361 201 256 364 379 Hop . | . . . . . . . . . . . . . . . . . . . . . Pick Up 131 | 6 4 13 15 . 21 1 1 . 5 36 3 2 1 5 6 2 1 2 1 6 Fast Attach 64 | 6 1 2 1 . 4 1 . . 4 11 3 1 . 6 . . . 8 1 15 Attach 85 | . . 4 5 1 7 . . . 6 23 . 3 . 5 5 . . 1 8 17 Detach 13 | . . . . . . . . . 2 5 . 1 . . . . . 1 . 4 Swap 153 | . . 6 16 . 22 4 3 . 4 51 10 4 3 11 7 4 1 4 1 2 Drop 140 | . 2 7 16 . 26 2 3 . 3 41 9 1 3 4 5 5 1 9 1 2 Fire 611 | . 16 36 102 . 73 6 22 . 20 104 30 12 3 37 43 9 4 11 32 51 Melee . | . . . . . . . . . . . . . . . . . . . . . Ram 3 | . . . . . . . . . . . . . . . . . . . . 3 Kick 36 | . 2 2 2 . 1 . . . . . . . . . 3 . . . . 26 Crush 11 | . . . 1 . 10 . . . . . . . . . . . . . . . Escape Stasis 20 | . . . . . . . . . . . 15 . . . 5 . . . . . Rewire 93 | . . . . . . . . . . . 65 . . . . . . . 28 . Trap . | . . . . . . . . . . . . . . . . . . . . . Miscellaneous 9 | . . . 9 . . . . . . . . . . . . . . . . . Route ------- -11/Scrapyard -10/Materials (discovered 2 exits: *Mat / [*Min]) -9/Materials (discovered 2 exits: Min / *Sto) -9/Storage -9/Recycling -7/Factory (discovered 2 exits: *Fac / *Low) -7/Lower Caves -7/Lower Caves -7/Data Miner -6/Proximity Caves -6/Factory (discovered 4 exits: *Fac x3 / *Ext) -6/Extension (discovered 2 exits: *Fac / *Cet) -6/Cetus (discovered 2 exits: *Fac / *Arc) -6/Archives (discovered 3 exits: *Fac / *Hub x2) -6/Hub_04(d) -5/Factory (discovered 3 exits: *Fac / *Upp x2) -5/Upper Caves -5/Upper Caves -5/Zhirov -4/Proximity Caves -4/Factory History --------- Turn | Location | Event 10 | -11/Scrapyard | Discovered new exit (range 14) 72 | -11/Scrapyard | Entered Materials 303 | -10/Materials | Build established: Mutant 343 | -10/Materials | Discovered new exit (range 9) 361 | -10/Materials | Discovered new exit (range 15) 394 | -10/Materials | Entered another Materials area 394 | -9/Materials | Evolved 2 slots: Propulsion x1, Utility x1 620 | -9/Materials | Discovered new exit (range 7) 692 | -9/Materials | Lost 3 parts (1p2w) 743 | -9/Materials | Identified exit to Mines 743 | -9/Materials | Identified exit to Storage 924 | -9/Materials | Entered Storage 1057 | -9/Storage | Garrison activated, responded to threat 1115 | -9/Storage | Core integrity fell below 50% 1448 | -9/Storage | Build established: Scavenger-Mutant 1620 | -9/Storage | Core integrity fell below 20% 1643 | -9/Storage | Identified exit to Recycling 1891 | -9/Storage | Used back door to open Recycling access 1898 | -9/Storage | Entered Recycling 2022 | -9/Recycling | Build established: Mutant 2283 | -9/Recycling | Identified exit to Factory 2384 | -9/Recycling | Entered Factory 2384 | -7/Factory | Evolved 4 slots: Propulsion x1, Utility x1, Weapon x2 2689 | -7/Factory | Build established: Gunner 2816 | -7/Factory | Discovered new exit (range 15) 3072 | -7/Factory | Identified exit to Lower Caves 3833 | -7/Factory | Discovered new exit (range 14) 3982 | -7/Factory | Garrison activated, responded to threat 5197 | -7/Factory | Entered Lower Caves 5323 | -7/Lower Caves | Learned Factory trap positions 5613 | -7/Lower Caves | Discovered new exit (range 9) 5635 | -7/Lower Caves | Learned location of Zion (-6) 5648 | -7/Lower Caves | Entered another Lower Caves area 5714 | -7/Lower Caves | Ambushed by wild Derelicts 5860 | -7/Lower Caves | Learned location of 1 exit from Factory 5988 | -7/Lower Caves | Acquired the password to a Derelict Tinkerer's latest research 6000 | -7/Lower Caves | Found Prototype Special Weapon 6045 | -7/Lower Caves | Discovered new exit (range 5) 6051 | -7/Lower Caves | Entered Data Miner 6051 | -7/Data Miner | Discovered new exit (range 6) 6075 | -7/Data Miner | Met Data Miner 6094 | -7/Data Miner | Build established: Tank 6096 | -7/Data Miner | Learned location of Section 7 (-3) 6096 | -7/Data Miner | Acquired the access code to Warlord's prototype stash 6116 | -7/Data Miner | Received God Mode back door access code from Data Miner 6145 | -7/Data Miner | Entered Proximity Caves 6216 | -6/Proximity Caves | Spotter reported a threat 6308 | -6/Proximity Caves | Identified exit to Factory 6328 | -6/Proximity Caves | Lost 3 parts (1p1n1u) 6364 | -6/Proximity Caves | Derelict sapper outpost attacked 6477 | -6/Proximity Caves | Encountered a Derelict sapper outpost 6493 | -6/Proximity Caves | Identified Molecular Deconstructor 6587 | -6/Proximity Caves | Entered Factory 6587 | -6/Factory | Evolved 2 slots: Utility x1, Weapon x1 6588 | -6/Factory | Identified exit to Factory 6589 | -6/Factory | Loaded intel: 90 trap records 6682 | -6/Factory | Build established: Scavenger-Gunner 6703 | -6/Factory | Discovered exit to Factory (range 10) 6761 | -6/Factory | Lost 10 parts (1p4n1u4w) 7218 | -6/Factory | Discovered exit to Factory (range 5) 7400 | -6/Factory | Build established: Pyromaniac-Gunner 7719 | -6/Factory | Lost 3 parts (1n2w) 7996 | -6/Factory | Build established: Scavenger-Gunner 8380 | -6/Factory | Build established: Pyromaniac-Gunner 9099 | -6/Factory | Build established: Scavenger-Gunner 9145 | -6/Factory | Spotted B-75 Beast 9174 | -6/Factory | Destroyed B-75 Beast 9776 | -6/Factory | Build established: Gunner 9888 | -6/Factory | Discovered new exit (range 10) 9918 | -6/Factory | Entered Extension 10107 | -6/Extension | Rescued a captive Derelict 10132 | -6/Extension | Rescued a captive Derelict 10164 | -6/Extension | Rescued a captive Derelict 10165 | -6/Extension | Rescued a captive Derelict 10268 | -6/Extension | First assault squad dispatched 10284 | -6/Extension | Incoming assault squad redirected 10287 | -6/Extension | Incoming assault squad redirected 10578 | -6/Extension | Spotted B-75 Beast 10588 | -6/Extension | Spotted B-75 Beast 10599 | -6/Extension | Destroyed B-75 Beast 10838 | -6/Extension | Rescued a captive Derelict 10839 | -6/Extension | Rescued a captive Derelict 10852 | -6/Extension | Rescued a captive Derelict 10854 | -6/Extension | Rescued a captive Derelict 10903 | -6/Extension | Rescued A7 10939 | -6/Extension | Rescued a captive Derelict 10940 | -6/Extension | Rescued a captive Derelict 10947 | -6/Extension | Lost 6 allies 11141 | -6/Extension | Central database locked down 11275 | -6/Extension | Rescued a captive Derelict 11277 | -6/Extension | Rescued a captive Derelict 11356 | -6/Extension | Incoming assault squad redirected 11364 | -6/Extension | Discovered exit to Factory (range 10) 11369 | -6/Extension | Discovered new exit (range 6) 11398 | -6/Extension | Entered Cetus 11398 | -6/Cetus | Accompanied by 11 allies (A7) 11403 | -6/Cetus | Acquired a Cetus Manufacturing Module code from A7 11425 | -6/Cetus | Spotted Cetus Guard 11425 | -6/Cetus | Spotted Cetus Guard 11427 | -6/Cetus | Spotted Cetus Guard 11428 | -6/Cetus | Spotted Cetus Guard 11436 | -6/Cetus | Allies destroyed Cetus Guard 11437 | -6/Cetus | Destroyed Cetus Guard 11445 | -6/Cetus | Allies destroyed Cetus Guard 11448 | -6/Cetus | Allies destroyed Cetus Guard 11472 | -6/Cetus | Lost 3 allies 11511 | -6/Cetus | Started Cetus Manufacturing Module 11536 | -6/Cetus | Manufactured an Enhanced Grunt 11561 | -6/Cetus | Manufactured an Enhanced Grunt 11586 | -6/Cetus | Manufactured an Enhanced Grunt 11611 | -6/Cetus | Manufactured an Enhanced Grunt 11623 | -6/Cetus | Discovered new exit (range 15) 11636 | -6/Cetus | Manufactured an Enhanced Grunt 11651 | -6/Cetus | Spotted Cetus Guard 11651 | -6/Cetus | Spotted Cetus Guard 11654 | -6/Cetus | Spotted Cetus Guard 11655 | -6/Cetus | Spotted Cetus Guard 11661 | -6/Cetus | Destroyed Cetus Guard 11666 | -6/Cetus | Allies destroyed Cetus Guard 11669 | -6/Cetus | Core integrity fell below 50% 11673 | -6/Cetus | Destroyed Cetus Guard 11675 | -6/Cetus | Allies destroyed Cetus Guard 11686 | -6/Cetus | Discovered exit to Factory (range 16) 11692 | -6/Cetus | Met Revision 17 11738 | -6/Cetus | Build established: Scavenger-Gunner 11755 | -6/Cetus | Entered Archives 11755 | -6/Archives | Accompanied by 13 allies (A7) 11796 | -6/Archives | Discovered new exit (range 15) 11800 | -6/Archives | Lost 3 allies 11807 | -6/Archives | Discovered new exit (range 16) 11814 | -6/Archives | Unable to access archive contents 11827 | -6/Archives | Discovered exit to Factory (range 16) 11936 | -6/Archives | Entered Hub_04(d) 11936 | -6/Hub_04(d) | Accompanied by 9 allies 11976 | -6/Hub_04(d) | Incoming investigation squad redirected 12015 | -6/Hub_04(d) | Found Prototype Device 12015 | -6/Hub_04(d) | Identified Exp. Thermal Shield 12033 | -6/Hub_04(d) | Lost 6 allies 12109 | -6/Hub_04(d) | Garrison activated, responded to threat 12141 | -6/Hub_04(d) | Lost 3 allies 12191 | -6/Hub_04(d) | Discovered exit to Factory (range 7) 12572 | -6/Hub_04(d) | Network Hub disabled 12572 | -6/Hub_04(d) | Network Hub disabled 12589 | -6/Hub_04(d) | Incoming assault squad redirected 12683 | -6/Hub_04(d) | Garrison activated, responded to threat 12782 | -6/Hub_04(d) | Entered Factory 12782 | -5/Factory | Evolved 2 slots: Power x1, Utility x1 12903 | -5/Factory | Incoming investigation squad redirected 12979 | -5/Factory | Incoming investigation squad redirected 13082 | -5/Factory | First assault squad dispatched 13102 | -5/Factory | Incoming assault squad redirected 13269 | -5/Factory | Identified exit to Upper Caves 13274 | -5/Factory | Incoming investigation squad redirected 13319 | -5/Factory | Local machine network offline 13358 | -5/Factory | Destroyed 10 combat bots 13445 | -5/Factory | Discovered new exit (range 16) 13731 | -5/Factory | Entered Upper Caves 14158 | -5/Upper Caves | Discovered new exit (range 5) 14164 | -5/Upper Caves | Entered another Upper Caves area 14364 | -5/Upper Caves | Discovered new exit (range 15) 14399 | -5/Upper Caves | Entered Zhirov 14402 | -5/Zhirov | Discovered new exit (range 3) 14421 | -5/Zhirov | Met Zhirov 14440 | -5/Zhirov | Learned location of Quarantine (-3) 14440 | -5/Zhirov | Learned location of Testing (-2) 14440 | -5/Zhirov | Learned location of Command (-1) 14461 | -5/Zhirov | Zhirov requested help retrieving the SGEMP Prototype 14477 | -5/Zhirov | Found Alien Artifact 14477 | -5/Zhirov | Identified Integrated Dissipator 14477 | -5/Zhirov | Installed Integrated Dissipator, increased core heat dissipation (+20) 14659 | -5/Zhirov | Found Alien Artifact 14698 | -5/Zhirov | Build established: Scavenger-Mutant 14716 | -5/Zhirov | Entered Proximity Caves 14718 | -4/Proximity Caves | Spotter reported a threat 14719 | -4/Proximity Caves | Spotter reported a threat 14774 | -4/Proximity Caves | Attracted the attention of an 0b10 outpost 14916 | -4/Proximity Caves | Spotter reported a threat 14953 | -4/Proximity Caves | Lost 6 parts (2n2u2w) 15011 | -4/Proximity Caves | Build established: Scavenger-Gunner 15157 | -4/Proximity Caves | Learned Research emergency access door positions 15294 | -4/Proximity Caves | Discovered new exit (range 9) 15320 | -4/Proximity Caves | Entered Factory 15320 | -4/Factory | Accompanied by 2 allies 15320 | -4/Factory | Evolved 2 slots: Utility x1, Weapon x1 15471 | -4/Factory | Incoming investigation squad redirected 15593 | -4/Factory | Spotted B-86 Titan 15710 | -4/Factory | Core integrity fell below 50% 15738 | -4/Factory | Lost 23 parts (4p5n7u7w) 15840 | -4/Factory | Lost 8 parts (4n1u3w) 15864 | -4/Factory | Core integrity fell below 20% 15954 | -4/Factory | Destroyed by G-67 Veteran with Field Laser Last Messages --------------- 15937_ T5>K5I/PWBSD=WWJM&OWYZ61XYC0UZ5GF 15937_ U-05 Engineer lays Concrete. 15937_ Tesla Rifle destroyed. 15937_ K-01 Serf collects debris. 15943_ U-05 Engineer lays Concrete. 15943_ K-01 Serf collects debris. 15943_ U-05 Engineer builds a Wall. 15943_ U-05 Engineer lays Concrete. 15945_ ALERT: Rogue bot located, Programmers report to Factory Zone 2B. 15945_ Slammed into G-67 Veteran. 15946_ Thermoblaster destroyed. 15946_ U-05 Engineer lays Concrete. 15947_ K-01 Serf collects debris. 15947_ U-05 Engineer lays Concrete. 15947_ U-05 Engineer builds a Wall. 15947_ K-01 Serf collects debris. 15947_ U-05 Engineer lays Concrete. 15949_ Adv. Heat Sink destroyed. 15949_ U-05 Engineer lays Concrete. Map ----- +----------------------------------------------------+ | ?????????????????????????????????????????????????? | | ?????????????????????????????????????????????????? | | ?????????????????????????????????????????????????? | | ?????????????????????????????????????????????????? | | ?????????????????????????????????????????????????? | | ?????????????????????????????????????????????????? | | ?????????????????????????????????????????????????? | | ?????????????????????????????????????????????????? | | ?????????????????????????????????????????????????? | | ??????????????? ???????????????????????????????? | | ??????????????# +??????????????????????????????? | | ??????????????# #??????????????????????????????? | | ??????????????# #??????????????????????????????? | | ??????????????# #??????????????????????????????? | | ??????????????# #??????????????????????????????? | | ??????????????# #??????????????????????????????? | | ????########### #??????????????????????????????? | | ????# ## #??????????????????????????????? | | ????# ## #??????????????????????????????? | | ????# """ ## #??????????????????????????????? | | ????# """ ## #??????????????????????????????? | | ????# """ ## #??????????????????????????????? | | ????# ## ##??????????? #????????????????? | | ????# # #?????????" #????????????????? | | ????# #g g######## "" #????????????????? | | ????# !!! /g @/ "Y #????????????????? | | ##### ! !!! # ######## "" #????????????????? | | # !!! # ###???????" #????????????????? | | # # # ###??????? #????????????????? | | # = # ######????????????????????? | | # # ???????????????????? | | # """ " ???????????????????? | | # """ " ??????????????????? | | " """ "= ??????????????????? | | # != ??????????????????? | | ########"!%! ###????????????????????? | | #""########"##! % #??????????????????????? | | #??????????????????????? | | ^ #??????????????????????? | | ^ " +??????????????????????? | | #??????????????????????? | | ^ #??????????????????????? | | #+############"""""""######??????????????????????? | | ??????????? #??????????????????????????? | | ?????????? ! = #??????????????????????????? | | ?????????? #??????????????????????????? | | ?????????# #??????????????????????????? | | ?????????# """ """ #??????????????????????????? | | ?????????# """ """ #??????????????????????????? | | ?????????# ?"" ""? #??????????????????????????? | +----------------------------------------------------+ Best States ------------- Heat Dissipation 147 Coolant Potential 50 Energy Generation 35 Energy Capacity 515 Matter Stores 587 Matter Capacity 600 Sight Range 16 Terrain Scan Density 10 Armor Coverage 450 Resistance: TH 30 Weapon Cycling 15 Evasion (%) 65 Targeting Accuracy 16 Recoil Reduction 3 Particle Charging 20 Defensive Hacking 12 Item Schematics ----------------- Combat Drone Bay | -7/Data Miner | Free Lgt. Regenerative Plating | -7/Data Miner | Free Cld. Aerolev Unit | -7/Data Miner | Free Exp. Utility Shielding | -7/Data Miner | Free Imp. Heavy Machine Gun | -7/Data Miner | Free Imp. Recalibrator | -7/Data Miner | Free Imp. Remote Datajack | -7/Data Miner | Free Flexi-carbon Leg | -7/Data Miner | Free Linear Gravjet | -7/Data Miner | Free Mass Driver | -7/Data Miner | Free Hyp. Mass Driver | -7/Data Miner | Free Adv. Cryofiber Web | -6/Extension | Hacked Assault Drone Bay | -5/Zhirov | Free Exp. Heat Sink | -5/Zhirov | Free Exp. Optical Array | -5/Zhirov | Free Imp. Arc Thrower | -5/Zhirov | Free Robot Schematics ------------------ M-22 Extractor | -7/Data Miner | Free R-10 Processor | -7/Data Miner | Free S-27 Virus | -7/Data Miner | Free A-15 Conveyor | -7/Data Miner | Free E-15 Imp | -7/Data Miner | Free B-60 Warrior | -7/Data Miner | Free Fabricated ------------ Nothing Alien Tech Used ----------------- Integrated Dissipator Achievements -------------- None Challenges ------------ None Game ------ Seed SystemRegenerativeSabre Manual? 0 Play Time 02:42:27 Cumulative 196.9 hours Start 2025.01.11 @ 19:10:51 End 2025.01.11 @ 22:01:15 Sessions 1 Manual Loads 0 Difficulty Rogue Special Mode None Game No. 100 Rogue 100 Adventurer 0 Explorer 0 Win Type - Total 4 Types 4/0/0/0/0/0/0/0/0 Lore% 62 Gallery% 74 Achievement% 62 Wizard Run 0 Options --------- Layout 1 ASCII 0 Keyboard 0 Movement Mouse Keybinds 0 Fullscreen 1 Font 24/Smallcaps Map View 50x35 Zoom Use 0% Tactical HUD 1 Map Filters NONE Filters NONE Steam 1 RUN: df87f206-0a9d-4aba-8868-4831cefc9c8e